 Dungeon Sprint DCSS version 0.29-a0-340-g6efceafd81 (webtiles) character file.

Game seed: 14917641418855114016

106 123456 the Skirmisher (level 4, -10/47 HPs)
             Began as a Minotaur Fighter on Apr 19, 2022.
             Was an Initiate of Okawaru.
             Mangled by a komodo dragon (13 damage)
             ... in the Dungeon (Sprint IX: "|||||||||||||||||||||||||||||").
             The game lasted 00:00:41 (347 turns).

123456 the Skirmisher (Minotaur Fighter)             Turns: 347, Time: 00:00:41

Health: -10/47     AC:  8    Str: 24    XL:     4   Next: 55%
Magic:  3/3        EV: 11    Int:  8    God:    Okawaru [......]
Gold:   0          SH:  4    Dex: 11    Spells: 3/3 levels left

rFire   . . .      SeeInvis .   n - +2 morningstar (vorpal)
rCold   . . .      Faith    .   c - +0 buckler
rNeg    . . .      Spirit   .   o - +2 ring mail
rPois   .          Reflect  .   (helmet restricted)
rElec   .          Harm     .   (no cloak)
rCorr   .          Rampage  .   (no gloves)
Will    .....      NoTele   +   (no boots)
Stlth   +.........              (no amulet)
HPRegen 0.15/turn               p - +3 ring of strength
MPRegen 0.08/turn               q - +3 ring of intelligence

@: no status effects
A: horns 2, retaliatory headbutt
a: Renounce Religion


You were in the Dungeon.
You worshipped Okawaru.
Okawaru was noncommittal.
You visited 1 branch

Inventory:

Hand Weapons
 a - a +0 flail
 n - a +2 vorpal morningstar (weapon)
Armour
 b - a +0 scale mail
 c - a +0 buckler (worn)
 o - a +2 ring mail (worn)
Jewellery
 p - a +3 ring of strength (left hand)
 q - a +3 ring of intelligence (right hand)
Wands
 m - a wand of acid (10)
Scrolls
 j - 2 scrolls of blinking
 l - 2 scrolls of amnesia
Potions
 d - a potion of might
 e - 5 potions of curing
 f - 3 potions of heal wounds
 g - a potion of haste
 h - 4 potions of magic
 i - a potion of berserk rage
 k - a potion of invisibility


   Skills:
 * Level 7.3 Fighting
 * Level 6.6 Maces & Flails
 + Level 5.7 Armour
 + Level 3.6 Dodging
 - Level 3.6 Shields


You had 3 spell levels left.
You didn't know any spells.
Your spell library was empty.

Dungeon Overview and Level Annotations

Branches:
Dungeon (1/1)

Altars:
Cheibriados
Dithmenos
Elyvilon
Fedhas
Gozag
Hepliaklqana
Kikubaaqudgha
Makhleb
Nemelex Xobeh
Okawaru
Qazlal
Ru
Sif Muna
Trog
Uskayaw
Vehumet
Wu Jian
Xom
Yredelemnul
Zin
The Shining One
Beogh
Jiyva
Lugonu


Innate Abilities, Weirdness & Mutations

You have a pair of horns on your head.
You reflexively headbutt those who attack you in melee.


Message History

q - a +3 ring of intelligence (right hand)
You start removing your armour.
You continue taking off your +0 scale mail. x4
You finish taking off your +0 scale mail.
You start putting on your armour.
You continue putting on your +2 ring mail. x5
You finish putting on your +2 ring mail.
You start removing your armour.
You continue taking off your +2 ring mail. x4
You finish taking off your +2 ring mail.
You start putting on your armour.
You continue putting on your +0 scale mail. x5
You finish putting on your +0 scale mail.
You start removing your armour.
You continue taking off your +0 scale mail. x4
You finish taking off your +0 scale mail.
You start putting on your armour.
You continue putting on your +2 ring mail. x5
You finish putting on your +2 ring mail.
As you open the door, it creaks loudly!
A komodo dragon, a vampire mosquito, an orc wizard, a centaur, an acid dragon and a troll come into view.
The orc wizard shouts!
The centaur shouts!
The acid dragon roars!
The troll shouts!
You barely miss the komodo dragon. The komodo dragon bites you!
The komodo dragon bites you!!
Ouch! That really hurt!
* * * LOW HITPOINT WARNING * * *
You are too injured to fight recklessly!
You are too injured to fight recklessly!
You are too injured to fight recklessly!
You are too injured to fight recklessly!
You are too injured to fight recklessly!
You are too injured to fight recklessly!
You are too injured to fight recklessly!
You are too injured to fight recklessly!
You are too injured to fight recklessly!
You are too injured to fight recklessly!
You are too injured to fight recklessly!
You closely miss the komodo dragon. The komodo dragon bites you!
You die... ▓▓▓▓▓▓▓▓▓▓▓▓▓▓▓▓▓▓▓▓▓▓▓▓ _______'..).[[..@lyocD.T ▓▓▓▓▓▓▓▓▓▓▓▓▓▓▓▓▓▓▓▓▓▓▓▓

You could see a komodo dragon, a troll, an acid dragon, a vampire mosquito, a centaur and an orc wizard.

Vanquished Creatures
  A necrophage (D)
  A hound (D)
  An adder (D)
  2 orcs (D)
  2 goblins (D)
  A hobgoblin (D)
  A ball python (D)
  A bat (D)
10 creatures vanquished.

Notes
Turn   | Place    | Note
-------+----------+-------------------------------------------
     0 | D        | 123456 the Minotaur Fighter began the quest for the Orb.
     0 | D        | Reached XP level 1. HP: 19/19 MP: 0/0
     6 | D        | Reached skill level 4 in Fighting
    13 | D        | Reached skill level 1 in Dodging
    22 | D        | Noticed a hound
    22 | D        | Noticed a necrophage
    30 | D        | Killed a hound
    31 | D        | Reached skill level 5 in Fighting
    31 | D        | Reached skill level 5 in Maces & Flails
    31 | D        | Reached XP level 2. HP: 18/30 MP: 1/1
    31 | D        | Reached XP level 3. HP: 22/37 MP: 2/2
    39 | D        | Killed a necrophage
    40 | D        | Reached skill level 7 in Fighting
    40 | D        | Reached skill level 5 in Armour
    40 | D        | Reached XP level 4. HP: 13/47 MP: 3/3
   267 | D        | Found a snail-covered altar of Cheibriados.
   267 | D        | Found a shadowy altar of Dithmenos.
   267 | D        | Found a white marble altar of Elyvilon.
   267 | D        | Found a blossoming altar of Fedhas.
   267 | D        | Found an opulent altar of Gozag.
   268 | D        | Found a hazy altar of Hepliaklqana.
   269 | D        | Found a viscous altar of Jiyva.
   270 | D        | Found an ancient bone altar of Kikubaaqudgha.
   271 | D        | Found a corrupted altar of Lugonu.
   272 | D        | Found a burning altar of Makhleb.
   273 | D        | Found a sparkling altar of Nemelex Xobeh.
   274 | D        | Found an iron altar of Okawaru.
   275 | D        | Found a stormy altar of Qazlal.
   276 | D        | Found a sacrificial altar of Ru.
   277 | D        | Found a shimmering blue altar of Sif Muna.
   278 | D        | Found a bloodstained altar of Trog.
   279 | D        | Found a hide-covered altar of Uskayaw.
   280 | D        | Found a radiant altar of Vehumet.
   281 | D        | Found an ornate altar of the Wu Jian Council.
   282 | D        | Became a worshipper of Warmaster Okawaru
   283 | D        | Found a shimmering altar of Xom.
   284 | D        | Found a basalt altar of Yredelemnul.
   285 | D        | Found a glowing silver altar of Zin.
   286 | D        | Found a glowing golden altar of the Shining One.
   345 | D        | Noticed a komodo dragon
   345 | D        | Noticed a vampire mosquito
   345 | D        | Noticed a centaur
   345 | D        | Noticed an acid dragon
   345 | D        | Noticed a troll
   347 | D        | Mangled by a komodo dragon

Illustrated notes

Levels and vault maps discovered:
D:        linesprint [early_d, line_temple, items_1, d_10, items_2, lair_1,
          lair_end, items_3, orc_1, orc_end, items_4, d_15, swamp_1, shoals_1,
          snake_1, spider_1, d_20, vaults_1, items_5, swamp_end, shoals_end,
          snake_end, spider_end, vaults_end, d_27, items_6, zot_1, zot_end,
          crypt_end, forest_end, elf_end, slime_end, tomb_end, abyss_end,
          pan_hell_end]

Skill      XL: |  1  2  3 |
---------------+----------+-----
Fighting       | 5 7 |  7.3
Maces & Flails | 5 6 |  6.6
Armour         | 4 5 |  5.7
Dodging        | 2 3 |  3.6
Shields        | |  3.6

Action                   |  1- 3 |  4- 6 || total
-------------------------+-------+-------++-------
Melee: Flail             |    29 |     5 ||    34
       Headbutt          |     1 |     1 ||     2
       Morningstar       |       |     2 ||     2
Armor: Scale mail        |     9 |       ||     9
Dodge: Dodged            |    13 |     2 ||    15
Block: Buckler           |     9 |     1 ||    10

Table legend: (Time is in decaauts)
 A = Elapsed time spent in this place.
 B = Non-inter-level travel time spent in this place.
 C = Inter-level travel time spent in this place.
 D = Time resting spent in this place.
 E = Time spent auto-exploring this place.
 F = Levels seen in this place.
 G = Mean time per level.
                   A        B        C        D        E       F      G
               +--------+--------+--------+--------+--------+-----+--------+
         Total |    352 |    352 |      0 |    216 |     13 |   1 |  352.0 |
       Dungeon |    352 |    352 |      0 |    216 |     13 |   1 |  352.0 |
               +--------+--------+--------+--------+--------+-----+--------+

Top non-repeatable levels by time:
       D: 352 daAuts
